 Dungeon Crawl Stone Soup version 0.31-a0-174-g85c54bcb58 (webtiles) character file.

Game seed: 11212669998903916078

5208 qw the Skirmisher (level 10, -6/96 HPs)
             Began as a Naga Hunter on June 15, 2023.
             Was a Follower of Okawaru.
             Mangled by a gargoyle
             ... wielding a +0 flail
              (13 damage)
             ... on level 10 of the Dungeon.
             The game lasted 00:03:37 (9652 turns).

qw the Skirmisher (Naga Hunter)                     Turns: 9652, Time: 00:03:37

Health: -6/96      AC: 12    Str: 13    XL:     10   Next: 60%
Magic:  11/13      EV: 14    Int:  9    God:    Okawaru [*.....]
Gold:   330        SH:  5    Dex: 23    Spells: 9/9 levels left

rFire   + . .        Y - +1 orcbow
rCold   . . .        (shield currently unavailable)
rNeg    + . .        n - +2 ring mail {rN+}
rPois   +            (no helmet)
rElec   .            f - +0 cloak
rCorr   .            j - +0 pair of gloves {Dex+3}
SInv    +            (no barding)
Will    +....        k - amulet of reflection
Stlth   +++          h - ring of protection from fire
HPRegen 0.36/turn    (no ring)
MPRegen 0.13/turn

%: reflection
@: about to teleport, heroic, very slow
A: AC +3, large, see invisible, deformed body, poison resistance, slowness 2,
spit poison 1, naga tail 1
a: Spit Poison, Renounce Religion, Heroism


You were on level 10 of the Dungeon.
You worshipped Okawaru.
Okawaru was aware of your devotion.
You visited 2 branches of the dungeon, and saw 11 of its levels.

You collected 570 gold pieces.
You spent 240 gold pieces at shops.


Innate Abilities, Weirdness & Mutations

Your serpentine skin is tough. (AC +3)
You have supernaturally acute eyesight. (SInv)
Armour fits poorly on your strangely shaped body.
Your system is resistant to poisons. (rPois)
You cover ground very slowly.
You can spit poison.
You have a snake-like lower body.


   Skills:
 - Level 8.1(13.1) Fighting
 + Level 11.1(16.1) Ranged Weapons
 - Level 2.2(7.2) Armour
 - Level 4.0(9.0) Dodging
 - Level 1.5(6.5) Stealth
 - Level 4.2 Invocations


You had 9 spell levels left.
You didn't know any spells.
Your spell library was empty.

Inventory:

Hand Weapons
 Y - a +1 orcbow (weapon)
Armour
 c - a +0 ring mail of cold resistance
 f - a +0 cloak (worn)
 j - a +0 pair of gloves of dexterity (worn)
 l - a +0 ring mail of fire resistance
 n - a +2 ring mail of positive energy (worn)
Jewellery
 h - a ring of protection from fire (left hand)
 k - an amulet of reflection (around neck)
Wands
 d - a wand of digging (5)
Scrolls
 a - 7 scrolls of identify
 b - 5 scrolls of teleportation
Potions
 e - 3 potions of mutation
 g - a potion of resistance
 i - a potion of might

Dungeon Overview and Level Annotations

Branches:
Dungeon (10/15)            Temple (1/1) D:7
   Lair: D:8-11         Orc: D:9-12

Altars:
Ashenzari
Cheibriados
Dithmenos
Elyvilon
Fedhas
Gozag
Hepliaklqana
Kikubaaqudgha
Makhleb
Nemelex Xobeh
Okawaru
Qazlal
Ru
Sif Muna
Trog
Uskayaw
Vehumet
Wu Jian
Xom
Yredelemnul
Zin
The Shining One

Shops:
D:5 [

Annotations:
D:4 3 runed translucent doors, qw's ghost, amateur GrFi


Message History

The gargoyle is lightly damaged.
You shoot an arrow. The arrow hits the gargoyle.
The gargoyle is moderately damaged.
You shoot an arrow.
The arrow hits the gargoyle but does no damage.
The gargoyle is moderately damaged.
You block the gargoyle's attack.
You shoot an arrow. The arrow barely misses the gargoyle.
The gargoyle hits you with a +0 flail!
You shoot an arrow.
The arrow hits the gargoyle but does no damage.
The gargoyle is lightly damaged.
The gargoyle hurls a stone arrow at you.
The stone arrow hits you!
You shoot an arrow. The arrow closely misses the gargoyle.
The gargoyle hits you with a +0 flail!!
9647 ||| INVOKING Heroism.
You gain the combat prowess of a mighty hero.
You block the gargoyle's attack.
You shoot an arrow.
The arrow hits the gargoyle but does no damage.
The gargoyle is lightly damaged.
The gargoyle hits you but does no damage.
You shoot an arrow.
The arrow hits the gargoyle but does no damage.
The gargoyle is lightly damaged.
The gargoyle hurls a stone arrow at you.
The stone arrow hits you!!
You shoot an arrow. The arrow hits the gargoyle!
The gargoyle is severely damaged.
You shoot an arrow.
The arrow hits the gargoyle but does no damage.
The gargoyle is severely damaged.
The gargoyle hurls a stone arrow at you.
The stone arrow hits you!!
9652 ||| READING 6 scrolls of teleportation.
As you read the scroll of teleportation, it crumbles to dust.
You feel strangely unstable. The gargoyle hits you with a +0 flail!
You die...

#.....#....+
##...#######
##...##...##+##
#...>.........#
+.............#
####+##.#######
#.##.####..##..
#..............
#......@9......
#....##....##..
############


You could see a gargoyle.

Vanquished Creatures
  Erolcha (D:9)
  Joseph (D:9)
  Maggie (D:9)
  Sigmund (D:6)
  A wyvern (D:9)
  3 steam dragons
  An orc warrior (D:9)
  2 sky beasts
  3 ice beasts
  2 ogres
  4 centaurs
  4 kobold brigands
  5 bullfrogs
  2 scorpions
  14 wights
  A howler monkey (D:8)
  5 orc priests
  Ijyb (D:5)
  A gnoll bouda (D:6)
  3 hounds
  2 iguanas (D:6)
  2 sleepcaps
  8 orc wizards
  A mummy (D:7)
  6 gnolls
  10 adders
  A white imp (D:5)
  2 worms (D:2)
  A dart slug (D:1)
  52 orcs
  7 ball pythons
  4 bats
  7 endoplasms
  2 giant cockroaches
  15 goblins
  10 hobgoblins
  6 jackals
  25 kobolds
  4 quokkas
  5 frilled lizards
226 creatures vanquished.

Vanquished Creatures (others)
  An acid dragon (D:9)
  A kobold (D:9)
2 creatures vanquished.

Grand Total: 228 creatures vanquished

Notes
Turn   | Place    | Note
-------+----------+-------------------------------------------
     0 | D:1      | qw the Naga Hunter began the quest for the Orb.
     0 | D:1      | Reached XP level 1. HP: 19/19 MP: 1/1
     0 | D:1      | 0 ||| qw: Version: 0.2-a-29-g511e9b1
     0 | D:1      | 0 ||| qw: Game counter: 5219
     0 | D:1      | 0 ||| qw: Always use a shield: true
     0 | D:1      | 0 ||| qw: God list: Okawaru
     0 | D:1      | 0 ||| qw: Allow faded altars: false
     0 | D:1      | 0 ||| qw: Do Orc after D:15 true
     0 | D:1      | 0 ||| qw: Do second Lair branch before Depths: true
     0 | D:1      | 0 ||| qw: Lair rune preference: random
     0 | D:1      | 0 ||| qw: Plans: Normal
     0 | D:1      | 0 ||| PLANNING D:1-11
    34 | D:1      | 34 ||| INVOKING Spit Poison.
    45 | D:1      | 45 ||| INVOKING Spit Poison.
    48 | D:1      | 48 ||| INVOKING Spit Poison.
    79 | D:1      | 79 ||| INVOKING Spit Poison.
    84 | D:1      | 84 ||| INVOKING Spit Poison.
   101 | D:1      | 101 ||| INVOKING Spit Poison.
   103 | D:1      | Reached skill level 4 in Ranged Weapons
   103 | D:1      | Reached XP level 2. HP: 26/26 MP: 2/2
   118 | D:1      | 118 ||| INVOKING Spit Poison.
   126 | D:1      | 126 ||| INVOKING Spit Poison.
   132 | D:1      | 132 ||| INVOKING Spit Poison.
   136 | D:1      | 136 ||| INVOKING Spit Poison.
   143 | D:1      | 143 ||| INVOKING Spit Poison.
   147 | D:1      | Reached XP level 3. HP: 26/32 MP: 3/3
   181 | D:1      | 181 ||| INVOKING Spit Poison.
   186 | D:1      | 186 ||| INVOKING Spit Poison.
   192 | D:1      | 192 ||| INVOKING Spit Poison.
   197 | D:1      | 197 ||| INVOKING Spit Poison.
   415 | D:1      | 415 ||| INVOKING Spit Poison.
   439 | D:1      | 439 ||| INVOKING Spit Poison.
   442 | D:1      | 442 ||| INVOKING Spit Poison.
   443 | D:1      | 443 ||| INVOKING Spit Poison.
   561 | D:1      | 561 ||| INVOKING Spit Poison.
   629 | D:1      | 629 ||| READING 3 scrolls labelled VUOPPA SAET.
   630 | D:1      | 630 ||| READING scroll labelled MOQAKHL BUAPOAJ.
   631 | D:1      | 631 ||| DRINKING 2 glowing grey potions.
   680 | D:1      | 680 ||| READING 2 scrolls of identify.
   680 | D:1      | 680 ||| IDENTIFYING black potion
   681 | D:1      | 681 ||| DROPPING scroll of butterflies.
   682 | D:1      | 682 ||| DROPPING potion of lignification.
   760 | D:2      | 760 ||| INVOKING Spit Poison.
   766 | D:2      | 766 ||| INVOKING Spit Poison.
   785 | D:2      | 785 ||| INVOKING Spit Poison.
   788 | D:2      | 788 ||| INVOKING Spit Poison.
   793 | D:2      | Reached skill level 5 in Ranged Weapons
   793 | D:2      | Reached XP level 4. HP: 37/39 MP: 4/4
   853 | D:2      | 853 ||| INVOKING Spit Poison.
   929 | D:2      | 929 ||| INVOKING Spit Poison.
   939 | D:2      | 939 ||| INVOKING Spit Poison.
   955 | D:2      | 955 ||| INVOKING Spit Poison.
   967 | D:2      | 967 ||| INVOKING Spit Poison.
  1002 | D:2      | 1002 ||| INVOKING Spit Poison.
  1006 | D:2      | 1006 ||| INVOKING Spit Poison.
  1126 | D:2      | 1126 ||| INVOKING Spit Poison.
  1130 | D:2      | 1130 ||| INVOKING Spit Poison.
  1135 | D:2      | 1135 ||| INVOKING Spit Poison.
  1140 | D:2      | 1140 ||| INVOKING Spit Poison.
  1273 | D:2      | 1273 ||| INVOKING Spit Poison.
  1304 | D:2      | 1304 ||| INVOKING Spit Poison.
  1463 | D:2      | 1463 ||| READING 3 scrolls labelled HUITEK WUBAUPH.
  1466 | D:2      | 1466 ||| READING scroll labelled WUTTOISTREG.
  1467 | D:2      | 1467 ||| READING 2 scrolls of identify.
  1467 | D:2      | 1467 ||| IDENTIFYING sedimented emerald potion
  1468 | D:2      | 1468 ||| DROPPING potion of brilliance.
  1510 | D:3      | 1510 ||| INVOKING Spit Poison.
  1516 | D:3      | 1516 ||| INVOKING Spit Poison.
  1517 | D:3      | 1517 ||| STAIRDANCE
  1568 | D:3      | 1568 ||| INVOKING Spit Poison.
  1569 | D:3      | 1569 ||| STAIRDANCE
  1573 | D:2      | Reached skill level 3 in Fighting
  1573 | D:2      | Reached XP level 5. HP: 40/49 MP: 5/5
  1605 | D:3      | 1605 ||| INVOKING Spit Poison.
  1620 | D:3      | 1620 ||| INVOKING Spit Poison.
  1641 | D:3      | 1641 ||| INVOKING Spit Poison.
  1647 | D:3      | 1647 ||| INVOKING Spit Poison.
  1650 | D:3      | 1650 ||| INVOKING Spit Poison.
  1668 | D:3      | 1668 ||| INVOKING Spit Poison.
  1672 | D:3      | 1672 ||| INVOKING Spit Poison.
  1677 | D:3      | 1677 ||| INVOKING Spit Poison.
  1704 | D:3      | Found an ornate altar of the Wu Jian Council.
  1713 | D:3      | 1713 ||| INVOKING Spit Poison.
  1769 | D:3      | Found an opulent altar of Gozag.
  1777 | D:3      | 1777 ||| INVOKING Spit Poison.
  1802 | D:3      | 1802 ||| INVOKING Spit Poison.
  1806 | D:3      | 1806 ||| INVOKING Spit Poison.
  1930 | D:3      | 1930 ||| INVOKING Spit Poison.
  1938 | D:3      | 1938 ||| INVOKING Spit Poison.
  1981 | D:3      | 1981 ||| INVOKING Spit Poison.
  1999 | D:3      | 1999 ||| INVOKING Spit Poison.
  2002 | D:3      | 2002 ||| INVOKING Spit Poison.
  2005 | D:3      | 2005 ||| INVOKING Spit Poison.
  2011 | D:3      | 2011 ||| INVOKING Spit Poison.
  2022 | D:3      | 2022 ||| INVOKING Spit Poison.
  2026 | D:3      | Reached XP level 6. HP: 32/56 MP: 6/6
  2180 | D:3      | 2180 ||| INVOKING Spit Poison.
  2230 | D:3      | 2230 ||| INVOKING Spit Poison.
  2233 | D:3      | 2233 ||| INVOKING Spit Poison.
  2402 | D:3      | 2402 ||| READING scroll labelled KUEF COUTOID.
  2403 | D:3      | 2403 ||| DRINKING 2 red potions.
  2404 | D:3      | 2404 ||| READING 3 scrolls of identify.
  2404 | D:3      | 2404 ||| IDENTIFYING puce potion
  2405 | D:3      | 2405 ||| READING 2 scrolls of identify.
  2405 | D:3      | 2405 ||| IDENTIFYING bubbling dark potion
  2406 | D:3      | 2406 ||| DROPPING potion of ambrosia.
  2407 | D:3      | 2407 ||| DROPPING potion of attraction.
  2478 | D:3      | 2478 ||| INVOKING Spit Poison.
  2482 | D:3      | 2482 ||| INVOKING Spit Poison.
  2587 | D:4      | 2587 ||| INVOKING Spit Poison.
  2627 | D:4      | 2627 ||| INVOKING Spit Poison.
  2634 | D:4      | 2634 ||| INVOKING Spit Poison.
  2637 | D:4      | Reached skill level 6 in Ranged Weapons
  2640 | D:4      | 2640 ||| INVOKING Spit Poison.
  2705 | D:4      | 2705 ||| INVOKING Spit Poison.
  2800 | D:4      | 2800 ||| INVOKING Spit Poison.
  2873 | D:4      | 2873 ||| INVOKING Spit Poison.
  2877 | D:4      | 2877 ||| INVOKING Spit Poison.
  2882 | D:4      | 2882 ||| INVOKING Spit Poison.
  3079 | D:4      | 3079 ||| INVOKING Spit Poison.
  3106 | D:4      | Found a sacrificial altar of Ru.
  3156 | D:4      | 3156 ||| INVOKING Spit Poison.
  3162 | D:4      | 3162 ||| INVOKING Spit Poison.
  3181 | D:4      | 3181 ||| INVOKING Spit Poison.
  3216 | D:4      | 3216 ||| INVOKING Spit Poison.
  3351 | D:4      | Found a runed translucent gate.
  3352 | D:4      | Found a runed translucent gate.
  3352 | D:4      | Found a runed translucent gate.
  3352 | D:4      | Noticed qw's ghost (amateur GrFi)
  3380 | D:4      | 3380 ||| INVOKING Spit Poison.
  3385 | D:4      | 3385 ||| INVOKING Spit Poison.
  3391 | D:4      | 3391 ||| INVOKING Spit Poison.
  3398 | D:4      | 3398 ||| INVOKING Spit Poison.
  3785 | D:4      | 3785 ||| READING scroll labelled COOPSA FIOXT.
  3886 | D:4      | 3886 ||| DRINKING 2 fuming silvery potions.
  3887 | D:4      | 3887 ||| READING 5 scrolls of identify.
  3887 | D:4      | 3887 ||| IDENTIFYING clear potion
  3888 | D:4      | 3888 ||| READING 4 scrolls of identify.
  3888 | D:4      | 3888 ||| IDENTIFYING bubbling brown potion
  3889 | D:4      | 3889 ||| READING 3 scrolls of identify.
  3889 | D:4      | 3889 ||| IDENTIFYING silvery potion
  3890 | D:4      | 3890 ||| DROPPING potion of invisibility.
  3891 | D:4      | 3891 ||| DROPPING potion of enlightenment.
  3942 | D:5      | Entered Level 5 of the Dungeon
  3958 | D:5      | Noticed Ijyb
  3961 | D:5      | 3961 ||| INVOKING Spit Poison.
  3966 | D:5      | 3966 ||| INVOKING Spit Poison.
  3971 | D:5      | Killed Ijyb
  3972 | D:5      | Reached XP level 7. HP: 18/64 MP: 7/7
  3972 | D:5      | 3972 ||| INVOKING Spit Poison.
  3977 | D:5      | 3977 ||| INVOKING Spit Poison.
  3996 | D:5      | 3996 ||| INVOKING Spit Poison.
  4001 | D:5      | 4001 ||| INVOKING Spit Poison.
  4008 | D:5      | 4008 ||| INVOKING Spit Poison.
  4146 | D:5      | 4146 ||| INVOKING Spit Poison.
  4179 | D:5      | Reached skill level 7 in Ranged Weapons
  4320 | D:5      | 4320 ||| INVOKING Spit Poison.
  4432 | D:5      | Found Efemeifu's Antique Armour Emporium.
  4435 | D:5      | 4435 ||| BUYING cloak (90 gold).
  4435 | D:5      | Bought a cloak for 90 gold pieces
  4435 | D:5      | 4435 ||| BUYING pair of runed gloves (150 gold).
  4435 | D:5      | Bought a pair of runed gloves for 150 gold pieces
  4462 | D:5      | 4462 ||| INVOKING Spit Poison.
  4510 | D:5      | 4510 ||| INVOKING Spit Poison.
  4514 | D:5      | 4514 ||| INVOKING Spit Poison.
  4567 | D:5      | 4567 ||| Stepping ~*~*~tactically~*~*~ (outnumbered).
  4568 | D:5      | 4568 ||| INVOKING Spit Poison.
  4574 | D:5      | 4574 ||| INVOKING Spit Poison.
  4578 | D:5      | 4578 ||| INVOKING Spit Poison.
  4581 | D:5      | 4581 ||| INVOKING Spit Poison.
  4585 | D:5      | 4585 ||| INVOKING Spit Poison.
  4589 | D:5      | 4589 ||| INVOKING Spit Poison.
  4592 | D:5      | 4592 ||| INVOKING Spit Poison.
  4597 | D:5      | 4597 ||| INVOKING Spit Poison.
  4700 | D:5      | 4700 ||| INVOKING Spit Poison.
  4724 | D:5      | 4724 ||| INVOKING Spit Poison.
  4919 | D:5      | 4919 ||| UPGRADING to +0 cloak.
  4924 | D:5      | 4924 ||| UPGRADING to +0 pair of gloves of dexterity.
  4977 | D:6      | 4977 ||| READING scroll of enchant weapon.
  4977 | D:6      | 4977 ||| ENCHANTING +1 shortbow.
  5009 | D:6      | Noticed Sigmund
  5012 | D:6      | 5012 ||| INVOKING Spit Poison.
  5013 | D:6      | 5013 ||| DRINKING potion of curing.
  5013 | D:6      | 5013 ||| (to cure confusion)
  5016 | D:6      | 5016 ||| INVOKING Spit Poison.
  5016 | D:6      | Killed Sigmund
  5017 | D:6      | Reached XP level 8. HP: 65/72 MP: 8/8
  5018 | D:6      | 5018 ||| Stepping ~*~*~tactically~*~*~ (outnumbered).
  5022 | D:6      | 5022 ||| INVOKING Spit Poison.
  5025 | D:6      | 5025 ||| INVOKING Spit Poison.
  5029 | D:6      | Reached skill level 8 in Ranged Weapons
  5032 | D:6      | 5032 ||| INVOKING Spit Poison.
  5104 | D:6      | 5104 ||| INVOKING Spit Poison.
  5107 | D:6      | 5107 ||| INVOKING Spit Poison.
  5110 | D:6      | 5110 ||| INVOKING Spit Poison.
  5116 | D:6      | 5116 ||| INVOKING Spit Poison.
  5119 | D:6      | 5119 ||| INVOKING Spit Poison.
  5198 | D:6      | 5198 ||| INVOKING Spit Poison.
  5462 | D:6      | 5462 ||| UPGRADING to +0 orcbow.
  5463 | D:6      | 5463 ||| DROPPING +2 shortbow.
  5472 | D:6      | 5472 ||| INVOKING Spit Poison.
  5475 | D:6      | 5475 ||| INVOKING Spit Poison.
  5476 | D:6      | 5476 ||| Stepping ~*~*~tactically~*~*~ (outnumbered).
  5478 | D:6      | 5478 ||| INVOKING Spit Poison.
  5484 | D:6      | 5484 ||| INVOKING Spit Poison.
  5488 | D:6      | 5488 ||| INVOKING Spit Poison.
  5511 | D:6      | 5511 ||| FLEEEEING.
  5512 | D:6      | 5512 ||| FLEEEEING.
  5515 | D:6      | 5515 ||| STAIRDANCE
  5650 | D:5      | 5650 ||| UPGRADING to amulet of reflection.
  5671 | D:6      | 5671 ||| INVOKING Spit Poison.
  5676 | D:6      | 5676 ||| INVOKING Spit Poison.
  5681 | D:6      | Reached skill level 3 in Dodging
  5683 | D:6      | 5683 ||| INVOKING Spit Poison.
  5689 | D:6      | 5689 ||| INVOKING Spit Poison.
  5923 | D:6      | 5923 ||| INVOKING Spit Poison.
  5924 | D:6      | 5924 ||| Stepping ~*~*~tactically~*~*~ (cloud).
  5928 | D:6      | 5928 ||| INVOKING Spit Poison.
  5932 | D:6      | 5932 ||| INVOKING Spit Poison.
  5938 | D:6      | 5938 ||| Stepping ~*~*~tactically~*~*~ (cloud).
  6095 | D:6      | 6095 ||| UPGRADING to +2 ring mail of positive energy.
  6105 | D:6      | 6105 ||| DROPPING +0 leather armour.
  6106 | D:6      | 6106 ||| DROPPING amulet of regeneration.
  6107 | D:6      | 6107 ||| READING scroll labelled MOWKO YCISTI.
  6185 | D:7      | Found a snail-covered altar of Cheibriados.
  6406 | D:7      | Reached skill level 9 in Ranged Weapons
  6406 | D:7      | Reached XP level 9. HP: 81/81 MP: 9/9
  6507 | D:7      | Found a staircase to the Ecumenical Temple.
  6508 | D:7      | 6508 ||| PLANNING TEMPLE
  6692 | D:7      | Reached skill level 6 in Fighting
  6718 | D:7      | 6718 ||| INVOKING Spit Poison.
  6725 | D:7      | 6725 ||| INVOKING Spit Poison.
  6852 | D:7      | 6852 ||| INVOKING Spit Poison.
  6863 | D:7      | 6863 ||| INVOKING Spit Poison.
  6870 | D:7      | 6870 ||| INVOKING Spit Poison.
  6983 | Temple   | Entered the Ecumenical Temple
  7038 | Temple   | 7038 ||| PLANNING OKAWARU WORSHIP
  7295 | Temple   | Became a worshipper of Warmaster Okawaru
  7296 | Temple   | 7296 ||| PLANNING D:1-11
  7384 | D:7      | 7384 ||| INVOKING Spit Poison.
  7390 | D:7      | 7390 ||| INVOKING Spit Poison.
  7401 | D:7      | 7401 ||| INVOKING Spit Poison.
  7426 | D:7      | 7426 ||| INVOKING Spit Poison.
  7437 | D:7      | 7437 ||| INVOKING Spit Poison.
  7577 | D:8      | Found a broken altar of Ashenzari.
  7588 | D:8      | 7588 ||| INVOKING Spit Poison.
  7592 | D:8      | 7592 ||| INVOKING Spit Poison.
  7660 | D:8      | 7660 ||| INVOKING Spit Poison.
  7667 | D:8      | 7667 ||| READING scroll of enchant weapon.
  7667 | D:8      | 7667 ||| ENCHANTING +0 orcbow.
  7678 | D:8      | 7678 ||| INVOKING Spit Poison.
  7682 | D:8      | 7682 ||| Stepping ~*~*~tactically~*~*~ (outnumbered).
  7683 | D:8      | 7683 ||| INVOKING Spit Poison.
  7686 | D:8      | 7686 ||| INVOKING Spit Poison.
  7701 | D:8      | 7701 ||| INVOKING Spit Poison.
  7704 | D:8      | 7704 ||| INVOKING Spit Poison.
  7705 | D:8      | Reached skill level 10 in Ranged Weapons
  7705 | D:8      | 7705 ||| Stepping ~*~*~tactically~*~*~ (outnumbered).
  7708 | D:8      | 7708 ||| INVOKING Spit Poison.
  7713 | D:8      | 7713 ||| INVOKING Spit Poison.
  7718 | D:8      | 7718 ||| INVOKING Spit Poison.
  7724 | D:8      | 7724 ||| INVOKING Spit Poison.
  7835 | D:8      | 7835 ||| INVOKING Spit Poison.
  7840 | D:8      | 7840 ||| INVOKING Spit Poison.
  7843 | D:8      | 7843 ||| INVOKING Spit Poison.
  7846 | D:8      | Reached * piety under Okawaru
  7847 | D:8      | 7847 ||| INVOKING Heroism.
  7850 | D:8      | 7850 ||| INVOKING Spit Poison.
  7854 | D:8      | 7854 ||| INVOKING Spit Poison.
  7990 | D:8      | Found a blossoming altar of Fedhas.
  8087 | D:8      | Reached skill level 1 in Invocations
  8183 | D:8      | 8183 ||| INVOKING Spit Poison.
  8248 | D:9      | 8248 ||| STAIRDANCE
  8341 | D:9      | 8341 ||| INVOKING Spit Poison.
  8345 | D:9      | 8345 ||| STAIRDANCE
  8347 | D:8      | 8347 ||| INVOKING Spit Poison.
  8351 | D:8      | 8351 ||| INVOKING Spit Poison.
  8407 | D:9      | 8407 ||| INVOKING Spit Poison.
  8412 | D:9      | Noticed Erolcha
  8413 | D:9      | 8413 ||| INVOKING Heroism.
  8414 | D:9      | 8414 ||| INVOKING Spit Poison.
  8416 | D:9      | Reached XP level 10. HP: 87/94 MP: 8/11
  8420 | D:9      | 8420 ||| INVOKING Spit Poison.
  8424 | D:9      | 8424 ||| INVOKING Spit Poison.
  8429 | D:9      | 8429 ||| Stepping ~*~*~tactically~*~*~ (cloud).
  8431 | D:9      | 8431 ||| INVOKING Heroism.
  8432 | D:9      | 8432 ||| Stepping ~*~*~tactically~*~*~ (outnumbered).
  8434 | D:9      | 8434 ||| INVOKING Spit Poison.
  8437 | D:9      | Killed Erolcha
  8438 | D:9      | Reached skill level 11 in Ranged Weapons
  8440 | D:9      | 8440 ||| INVOKING Spit Poison.
  8442 | D:9      | Reached skill level 3 in Invocations
  8548 | D:9      | 8548 ||| INVOKING Spit Poison.
  8551 | D:9      | 8551 ||| INVOKING Heroism.
  8604 | D:9      | Noticed Joseph
  8606 | D:9      | 8606 ||| INVOKING Heroism.
  8615 | D:9      | 8615 ||| INVOKING Spit Poison.
  8616 | D:9      | Killed Joseph
  8933 | D:9      | 8933 ||| INVOKING Spit Poison.
  8939 | D:9      | 8939 ||| INVOKING Spit Poison.
  8948 | D:9      | 8948 ||| INVOKING Heroism.
  8951 | D:9      | 8951 ||| Stepping ~*~*~tactically~*~*~ (outnumbered).
  8952 | D:9      | 8952 ||| INVOKING Spit Poison.
  8960 | D:9      | 8960 ||| INVOKING Spit Poison.
  8961 | D:9      | 8961 ||| INVOKING Spit Poison.
  8966 | D:9      | 8966 ||| INVOKING Spit Poison.
  9068 | D:9      | 9068 ||| INVOKING Spit Poison.
  9075 | D:9      | 9075 ||| INVOKING Spit Poison.
  9211 | D:9      | Noticed Maggie
  9212 | D:9      | 9212 ||| INVOKING Spit Poison.
  9218 | D:9      | 9218 ||| INVOKING Spit Poison.
  9220 | D:9      | 9220 ||| INVOKING Heroism.
  9226 | D:9      | 9226 ||| INVOKING Spit Poison.
  9226 | D:9      | Killed Maggie
  9552 | D:9      | 9552 ||| UPGRADING to ring of protection from fire.
  9553 | D:9      | 9553 ||| READING scroll labelled ZYMICOCARU.
  9554 | D:9      | 9554 ||| READING scroll labelled YTOCISMA HEXEU.
  9555 | D:9      | 9555 ||| READING scroll labelled JAD QUDU VIATI.
  9556 | D:9      | 9556 ||| READING scroll labelled COKKUTH KOCKIE.
  9557 | D:9      | 9557 ||| READING 8 scrolls of identify.
  9557 | D:9      | 9557 ||| IDENTIFYING metallic emerald potion
  9558 | D:9      | 9558 ||| DROPPING potion of degeneration.
  9602 | D:10     | Entered Level 10 of the Dungeon
  9637 | D:10     | Noticed a gargoyle
  9647 | D:10     | 9647 ||| INVOKING Heroism.
  9651 | D:10     | HP: 6/96 [gargoyle/stone arrow (27)]
  9652 | D:10     | 9652 ||| READING 6 scrolls of teleportation.
  9652 | D:10     | Mangled by a gargoyle

Levels and vault maps discovered:
D:1:      giann_wishing_wells, layout_loops_ring, nicolae_grassy_gnolls
D:2:      layout_basic, hex_large, minmay_pentomino_s2
D:3:      layout_basic, mainiacjoe_overflow_catch_the_wave, st_stairs_13
D:4:      layout_loops_corners, nicolae_ru_sacrificial_ziggurat, serial_glass,
          glass_columns_c, glass_columns_a, gammafunk_ghost_nasty_kobolds,
          grunt_ministairs_1, kennysheep_windowed_goal
D:5:      layout_gridville, serial_shops, nicolae_shop_behind_doors, uniq_ijyb
D:6:      layout_basic, serial_corexii_hall, corexii_hall_statues_u,
          corexii_hall_statues_deadend, chequers_hall_statues_y,
          corexii_hall_statues_u, minmay_ogre_servants, uniq_sigmund
D:7:      layout_loops_ring, slow_altar_2, temple_doors_e
D:8:      layout_rooms, mainiacjoe_overflow_alcove_2, ashenzari_altar_1
D:9:      layout_loops_ring, uniq_maggie, uniq_erolcha, uniq_joseph
D:10:     layout_gridville, orc_0_dummy, uniq_amaemon, uniq_psyche
Temple:   compressed_dpeg_triangle_lava_temple

Skill      XL: |  1  2  3  4  5  6  7  8  9 10 |
---------------+-------------------------------+-----
Ranged Weapons | 4 5 6 7 9 10 11 | 11.1
Fighting       | 3 4 5 7 8 |  8.1
Dodging        | 2 3 4 |  4.0
Armour         | 2 |  2.2
Invocations    | 2 4 |  4.2
Stealth        | |  1.5

Action                     |  1- 3 |  4- 6 |  7- 9 | 10-12 || total
---------------------------+-------+-------+-------+-------++-------
   Fire: Shortbow          |    49 |   184 |    97 |       ||   330
         Orcbow            |       |       |   226 |    99 ||   325
 Invoke: Heroism           |       |       |     2 |     6 ||     8
Ability: Spit Poison       |    23 |    61 |    76 |    16 ||   176
    Use: Scroll            |     3 |    10 |     3 |     6 ||    22
         Potion            |     1 |     2 |     1 |       ||     4
 Armour: Leather armour    |     7 |    20 |    17 |       ||    44
         Ring mail         |       |       |    44 |    12 ||    56
  Dodge: Dodged            |    20 |    38 |   114 |    21 ||   193
  Block: Other             |       |       |    32 |    20 ||    52
         Reflection        |       |       |     6 |     2 ||     8

Table legend:
 A = Non-vault XP
 B = Vault XP
 C = Vault XP percentage of total XP
 D = Non-vault monster count
 E = Vault monster count
 F = Vault count percentage of total count
                 A         B        C        D         E       F
            +---------+---------+-------+---------+---------+-------
      Total |    5463 |    1978 |  26.6 |     203 |      24 |  10.6
            +---------+---------+-------+---------+---------+-------
        D:1 |      51 |      15 |  22.7 |      21 |       1 |   4.5
        D:2 |     113 |       4 |   3.4 |      17 |       2 |  10.5
        D:3 |     159 |       2 |   1.2 |      32 |       1 |   3.0
        D:4 |     183 |      13 |   6.6 |      24 |       5 |  17.2
        D:5 |     553 |      41 |   6.9 |      19 |       1 |   5.0
        D:6 |     672 |     345 |  33.9 |      15 |      10 |  40.0
        D:7 |     985 |      18 |   1.8 |      18 |       1 |   5.3
        D:8 |    1240 |       0 |   0.0 |      35 |       0 |   0.0
        D:9 |    1507 |    1540 |  50.5 |      22 |       3 |  12.0
            +---------+---------+-------+---------+---------+-------
